[Event "Reykjavik Open 2025"]
[Site "Reykjavik"]
[Date "2025.04.12"]
[Round "5.31"]
[White "Golis, Wiktor"]
[Black "Williams, Simon K"]
[Result "1/2-1/2"]
[Annotator "ChessBase"]
[ECO "A84"]
[WhiteElo "2293"]
[BlackElo "2451"]
[PlyCount "105"]
[EventDate "2025.04.09"]
[EventType "swiss"]
[EventCountry "ISL"]
[SourceTitle "playchess.com"]
[Source "ChessBase"]
[SourceQuality "1"]
[TimeControl "40/5400+30:1800+30"]

1. d4 d5 2. c4 e6 3. Nf3 c6 4. e3 Nd7 5. Nc3 f5 6. Bd3 Nh6 7. O-O Bd6 8. b3 O-O 9. a4 Qe7 10. Bb2 Rf6 11. Qc2 Nf7 12. a5 Rh6 13. g3 Nf6 14. cxd5 exd5 15. Bxf5 Bxf5 16. Qxf5 Rh5 17. Qd3 Qe6 18. Rfe1 Ne4 19. Qf1 Qg4 20. Qe2 Bb4 21. Rac1 Qh3 22. Nh4 Rg5 23. Ng2 Rh5 24. Nh4 Rh6 25. f4 Nxg3 26. Qg2 Qxh4 27. hxg3 Qg4 28. e4 Rh3 29. Re3 Bxc3 30. Rexc3 dxe4 31. Ba3 Nh6 32. Qxe4 Rxg3+ 33. Kf2 Nf5 34. d5 Qh4 35. Rxg3 Nxg3 36. Qe6+ Kh8 37. Kf3 Nh5 38. Qg4 Qh2 39. dxc6 Re8 40. Re1 Rg8 41. c7 Qc2 42. Qxh5 Qxc7 43. Qc5 Qf7 44. Re3 h6 45. b4 Rd8 46. Qe5 Qc4 47. Bb2 Qf1+ 48. Kg4 Qd1+ 49. Kh4 Qh1+ 50. Rh3 Qg2 51. Rg3 Qh1+ 52. Rh3 Qg2 53. Rg3 1/2-1/2

[Event "Reykjavik Open 2025"]
[Site "Reykjavik"]
[Date "2025.04.12"]
[Round "5.32"]
[White "Kadric, Denis"]
[Black "Kavutskiy, Kostya"]
[Result "1-0"]
[Annotator "ChessBase"]
[ECO "C54"]
[WhiteElo "2533"]
[BlackElo "2351"]
[PlyCount "51"]
[EventDate "2025.04.09"]
[EventType "swiss"]
[EventCountry "ISL"]
[SourceTitle "playchess.com"]
[Source "ChessBase"]
[SourceQuality "1"]
[TimeControl "40/5400+30:1800+30"]

1. e4 e5 2. Nf3 Nc6 3. Bc4 Bc5 4. O-O d6 5. d3 Nf6 6. c3 a6 7. Bb3 Ba7 8. Nbd2 O-O 9. h3 h6 10. Re1 Re8 11. Nf1 Be6 12. Ba4 b5 13. Bc2 d5 14. exd5 Nxd5 15. Ng3 Qd6 16. Nh4 Qe7 17. Qh5 Rad8 18. d4 Nf6 19. Qf3 Bd5 20. Qd1 Qf8 21. Nh5 Nxh5 22. Qxh5 g6 23. Nxg6 Qg7 24. Bxh6 fxg6 25. Bxg6 Qd7 26. Re3 1-0

[Event "Reykjavik Open 2025"]
[Site "Reykjavik"]
[Date "2025.04.12"]
[Round "5.33"]
[White "Petersen, Marcel"]
[Black "Levin, Anthony"]
[Result "1-0"]
[Annotator "ChessBase"]
[ECO "C42"]
[WhiteElo "2185"]
[BlackElo "2016"]
[PlyCount "75"]
[EventDate "2025.04.09"]
[EventType "swiss"]
[EventCountry "ISL"]
[SourceTitle "playchess.com"]
[Source "ChessBase"]
[SourceQuality "1"]
[TimeControl "40/5400+30:1800+30"]

1. e4 e5 2. Nf3 Nf6 3. Nc3 Bb4 4. Nxe5 O-O 5. Nd3 Bxc3 6. dxc3 Nxe4 7. Be3 Re8 8. Qe2 d5 9. O-O-O Nd6 10. Qf3 c6 11. g4 Nd7 12. h3 Qa5 13. Kb1 Nc4 14. Bc1 Nf6 15. Nf4 b5 16. Bd3 Bb7 17. Rhe1 Qb6 18. g5 Nd7 19. Nh5 Nf8 20. b3 Ne5 21. Rxe5 Rxe5 22. Nxg7 c5 23. Nh5 c4 24. Nf6+ Kg7 25. Bxh7 Nxh7 26. Qh5 Nxg5 27. Bxg5 Rh8 28. Qg4 Qe6 29. Bh6+ Kxh6 30. Qh4+ Kg7 31. Rg1+ Kf8 32. Qxh8+ Ke7 33. Rg8 Bc6 34. Rc8 Re1+ 35. Kb2 Bd7 36. Qd8+ Kd6 37. Qc7+ Ke7 38. Ng8# 1-0

[Event "Reykjavik Open 2025"]
[Site "Reykjavik"]
[Date "2025.04.12"]
[Round "5.34"]
[White "Saine, Zachary"]
[Black "Khaledi, Omid"]
[Result "1/2-1/2"]
[Annotator "RC"]
[ECO "B45"]
[WhiteElo "2019"]
[BlackElo "2228"]
[PlyCount "65"]
[EventDate "2025.04.09"]
[EventType "swiss"]
[EventCountry "ISL"]
[SourceTitle "playchess.com"]
[Source "ChessBase"]
[SourceQuality "1"]
[TimeControl "40/5400+30:1800+30"]

1. e4 c5 2. Nf3 e6 3. d4 cxd4 4. Nxd4 Nf6 5. Nc3 Nc6 6. Nxc6 bxc6 7. e5 Nd5 8. Ne4 Qc7 9. f4 Qb6 10. c4 Bb4+ 11. Ke2 Ba6 12. Kf3 f5 13. exf6 Nxf6 14. c5 Bxc5 15. Nxc5 Bxf1 16. Na4 Qb5 17. Rxf1 Qh5+ 18. Kf2 Ng4+ 19. Ke1 O-O 20. h3 Qh4+ 21. Ke2 Nh2 22. Rh1 e5 23. f5 Rxf5 24. Be3 Raf8 25. Qb3+ d5 26. Rae1 Qe4 27. Rxh2 Rf2+ 28. Kd1 Qb1+ 29. Bc1 R8f4 30. Qb8+ Rf8 31. Qb3 R8f4 32. Qb8+ Rf8 33. Qb3 1/2-1/2

[Event "Reykjavik Open 2025"]
[Site "Reykjavik"]
[Date "2025.04.12"]
[Round "5.35"]
[White "Arnshav, Ivar"]
[Black "Kadovic, Tamara"]
[Result "1-0"]
[Annotator "NA"]
[ECO "C63"]
[WhiteElo "1893"]
[BlackElo "1612"]
[PlyCount "63"]
[EventDate "2025.04.09"]
[EventType "swiss"]
[EventCountry "ISL"]
[SourceTitle "playchess.com"]
[Source "ChessBase"]
[SourceQuality "1"]
[TimeControl "40/5400+30:1800+30"]

1. e4 e5 2. Nf3 Nc6 3. Bb5 f5 4. Nc3 d6 5. d4 Bd7 6. Bxc6 bxc6 7. dxe5 fxe4 8. Nxe4 d5 9. Neg5 Bg4 10. h3 Bh5 11. O-O Be7 12. Ne6 Bxf3 13. Qxf3 Qd7 14. Nxg7+ Kd8 15. e6 Qd6 16. Qf7 Nf6 17. Nf5 Rf8 18. Nxd6 Rxf7 19. Nxf7+ Kc8 20. Bg5 Kb7 21. Rae1 Re8 22. Re2 Ne4 23. Bxe7 Rxe7 24. f3 Ng3 25. Rfe1 Nxe2+ 26. Rxe2 c5 27. Nd8+ Kc8 28. Nc6 Re8 29. f4 Kb7 30. Nxa7 Kxa7 31. f5 Kb8 32. f6 1-0

[Event "Reykjavik Open 2025"]
[Site "Reykjavik"]
[Date "2025.04.12"]
[Round "5.36"]
[White "Duault, Alexis"]
[Black "Garbuz, Vitaliy"]
[Result "0-1"]
[Annotator "ChessBase"]
[ECO "D32"]
[WhiteElo "1833"]
[BlackElo "2203"]
[PlyCount "66"]
[EventDate "2025.04.09"]
[EventType "swiss"]
[EventCountry "ISL"]
[SourceTitle "playchess.com"]
[Source "ChessBase"]
[SourceQuality "1"]
[TimeControl "40/5400+30:1800+30"]

1. d4 d5 2. c4 e6 3. Nc3 c5 4. cxd5 cxd4 5. Qa4+ Bd7 6. Qxd4 exd5 7. Qxd5 Nf6 8. Qd1 Nc6 9. Nf3 Bc5 10. a3 O-O 11. Bg5 h6 12. Bxf6 Qxf6 13. Qxd7 Rfd8 14. Qg4 Ne5 15. Qg3 Qb6 16. b4 Nxf3+ 17. Qxf3 Bd4 18. e4 Rac8 19. Rc1 Bxc3+ 20. Rxc3 Qd4 21. Rd3 Rc1+ 22. Kd2 Qb2+ 23. Ke3 Rxd3+ 24. Bxd3 Rxh1 25. Qf5 Re1+ 26. Kf3 Qc3 27. e5 Rxe5 28. Qh7+ Kf8 29. g4 f5 30. Qh8+ Kf7 31. Qd8 Qc6+ 32. Kf4 Re4+ 33. Kg3 Rxg4+ 0-1

[Event "Reykjavik Open 2025"]
[Site "Reykjavik"]
[Date "2025.04.12"]
[Round "5.37"]
[White "Wartiovaara, Oliver"]
[Black "Harms, Reece"]
[Result "1-0"]
[Annotator "ChessBase"]
[ECO "E28"]
[WhiteElo "2359"]
[BlackElo "1825"]
[PlyCount "33"]
[EventDate "2025.04.09"]
[EventType "swiss"]
[EventCountry "ISL"]
[SourceTitle "playchess.com"]
[Source "ChessBase"]
[SourceQuality "1"]
[TimeControl "40/5400+30:1800+30"]

1. d4 Nf6 2. c4 e6 3. Nc3 Bb4 4. e3 O-O 5. a3 Bxc3+ 6. bxc3 b6 7. Bd3 Nc6 8. e4 Ne8 9. Nf3 Ba6 10. e5 h6 11. g4 Na5 12. g5 Bxc4 13. gxh6 g6 14. Bg5 Qc8 15. Be7 Qa6 16. Bc2 Nf6 17. Bxf6 1-0

[Event "Reykjavik Open 2025"]
[Site "Reykjavik"]
[Date "2025.04.12"]
[Round "5.38"]
[White "Friedel, Joshua"]
[Black "Savidge, Daniel"]
[Result "1-0"]
[Annotator "ChessBase"]
[ECO "B30"]
[WhiteElo "2552"]
[BlackElo "2180"]
[PlyCount "85"]
[EventDate "2025.04.09"]
[EventType "swiss"]
[EventCountry "ISL"]
[SourceTitle "playchess.com"]
[Source "ChessBase"]
[SourceQuality "1"]
[TimeControl "40/5400+30:1800+30"]

1. e4 c5 2. Nf3 Nc6 3. Nc3 e5 4. Bc4 Be7 5. d3 d6 6. O-O Nf6 7. Ng5 O-O 8. f4 Nd4 9. fxe5 dxe5 10. Rxf6 Bxf6 11. Qh5 Bxg5 12. Bxg5 Qd7 13. Rf1 Qg4 14. Bxf7+ Kh8 15. Qxg4 Bxg4 16. Be7 Nxc2 17. Bxc5 Rfd8 18. h3 Rac8 19. Be7 Rd7 20. Bg5 Rf8 21. Bb3 Rxf1+ 22. Kxf1 Nd4 23. hxg4 Nxb3 24. axb3 Rxd3 25. Kf2 Kg8 26. Be3 Rd7 27. Nd5 b6 28. Bd2 Kf7 29. Bc3 Ke6 30. Ke2 Rd8 31. Nb4 Rc8 32. Nd3 a5 33. Kd2 Rd8 34. Bxe5 Rxd3+ 35. Kxd3 Kxe5 36. g3 b5 37. Ke3 h6 38. Kd3 g6 39. Ke3 a4 40. b4 h5 41. g5 Kd6 42. Kd4 Ke6 43. e5 1-0

[Event "Reykjavik Open 2025"]
[Site "Reykjavik"]
[Date "2025.04.12"]
[Round "5.39"]
[White "Vroombout, Enrico"]
[Black "Stefansson, Vignir Vatnar"]
[Result "0-1"]
[Annotator "ChessBase"]
[ECO "B69"]
[WhiteElo "2161"]
[BlackElo "2536"]
[PlyCount "78"]
[EventDate "2025.04.09"]
[EventType "swiss"]
[EventCountry "ISL"]
[SourceTitle "playchess.com"]
[Source "ChessBase"]
[SourceQuality "1"]
[TimeControl "40/5400+30:1800+30"]

1. e4 c5 2. Nf3 Nf6 3. Nc3 Nc6 4. d4 cxd4 5. Nxd4 d6 6. Bg5 e6 7. Qd2 a6 8. O-O-O Bd7 9. f4 Be7 10. Nf3 b5 11. Bxf6 gxf6 12. f5 Qb6 13. g3 O-O-O 14. Bh3 Kb8 15. fxe6 fxe6 16. Ne2 Qc5 17. Nf4 Qc4 18. b3 Qxe4 19. Rde1 Qb4 20. Qxb4 Nxb4 21. a3 e5 22. Bxd7 Rxd7 23. axb4 exf4 24. Nd4 Rc8 25. Nf5 Bf8 26. Rhf1 fxg3 27. hxg3 d5 28. Rf4 Kb7 29. Re6 Rc6 30. Rxc6 Kxc6 31. c3 Rf7 32. Kc2 Bd6 33. Rg4 Be5 34. Rg8 Kb7 35. Rd8 Rc7 36. Rxd5 Rxc3+ 37. Kd2 Rxb3 38. Rd7+ Kc6 39. Ra7 Kb6 0-1

[Event "Reykjavik Open 2025"]
[Site "Reykjavik"]
[Date "2025.04.12"]
[Round "5.40"]
[White "Agbabishvili, Lali"]
[Black "Cornette, Matthieu"]
[Result "0-1"]
[Annotator "ChessBase"]
[ECO "A11"]
[WhiteElo "2119"]
[BlackElo "2528"]
[PlyCount "90"]
[EventDate "2025.04.09"]
[EventType "swiss"]
[EventCountry "ISL"]
[SourceTitle "playchess.com"]
[Source "ChessBase"]
[SourceQuality "1"]
[TimeControl "40/5400+30:1800+30"]

1. g3 e5 2. c4 c6 3. Bg2 d5 4. cxd5 cxd5 5. Nf3 Nc6 6. d3 Nf6 7. O-O h6 8. h3 Be6 9. Nc3 d4 10. Ne4 Nxe4 11. dxe4 Qd7 12. Kh2 Bd6 13. Ne1 O-O 14. Nd3 Rac8 15. Bd2 b6 16. a3 a5 17. Rc1 Nb8 18. f4 exf4 19. Bxf4 Rxc1 20. Qxc1 Rc8 21. Qd2 Nc6 22. e5 Bf8 23. g4 Ne7 24. Rc1 Nd5 25. g5 Rxc1 26. Qxc1 Nxf4 27. Qxf4 hxg5 28. Qxg5 Bf5 29. Nf4 Be7 30. Qg3 Qd8 31. Nd5 Be6 32. Nxe7+ Qxe7 33. Qf4 Qc5 34. Bf3 d3 35. Qd2 Qf2+ 36. Kh1 Qf1+ 37. Kh2 Qf2+ 38. Kh1 Qf1+ 39. Kh2 Qxh3+ 40. Kg1 Qg3+ 41. Kh1 Bf5 42. Bg2 Qf2 43. Bf3 Be4 44. Bxe4 Qf1+ 45. Kh2 Qxe2+ 0-1

[Event "Reykjavik Open 2025"]
[Site "Reykjavik"]
[Date "2025.04.12"]
[Round "5.41"]
[White "Kunin, Vitaly"]
[Black "Joel Paul Ganta"]
[Result "1-0"]
[Annotator "ChessBase"]
[ECO "D95"]
[WhiteElo "2522"]
[BlackElo "2170"]
[PlyCount "119"]
[EventDate "2025.04.09"]
[EventType "swiss"]
[EventCountry "ISL"]
[SourceTitle "playchess.com"]
[Source "ChessBase"]
[SourceQuality "1"]
[TimeControl "40/5400+30:1800+30"]

1. d4 Nf6 2. c4 g6 3. Nc3 d5 4. e3 Bg7 5. Qb3 dxc4 6. Bxc4 O-O 7. Nf3 Nc6 8. Ne5 Qe8 9. Nxc6 Qxc6 10. O-O a6 11. Bd2 Qd6 12. Be2 Be6 13. Qc2 c5 14. dxc5 Qxc5 15. e4 Rac8 16. Rac1 Rfd8 17. Be3 Qc7 18. Qb1 Qa5 19. h3 b5 20. a3 Nd7 21. Nd5 Bxd5 22. exd5 Rxc1 23. Rxc1 Nf6 24. Bf3 Nxd5 25. b4 Qxa3 26. Bxd5 e6 27. Bb7 Bd4 28. Rd1 e5 29. Rd3 Qa4 30. Bxd4 Rxd4 31. Rxd4 exd4 32. Be4 Kg7 33. g3 Qa3 34. Kg2 h5 35. h4 Qc3 36. Bd3 Qc6+ 37. Be4 Qc3 38. Kf1 Qd2 39. Qe1 Qb2 40. Bd3 Kf6 41. Qe4 Qc1+ 42. Kg2 Qc3 43. f4 Kg7 44. f5 gxf5 45. Qe5+ Kg8 46. Qb8+ Kg7 47. Qe5+ Kg8 48. Qxf5 Qxb4 49. Qh7+ Kf8 50. Qh8+ Ke7 51. Qxh5 Kd6 52. Qf5 Qd2+ 53. Kh3 Qd1 54. Qf6+ Kd5 55. Qxf7+ Kc5 56. Qe7+ Kb6 57. Qd6+ Ka5 58. Qd8+ Ka4 59. Qxd4+ Ka3 60. Qc3+ 1-0

[Event "Reykjavik Open 2025"]
[Site "Reykjavik"]
[Date "2025.04.12"]
[Round "5.42"]
[White "Fartmann, Oliver"]
[Black "Bailet, Pierre"]
[Result "1/2-1/2"]
[Annotator "ChessBase"]
[ECO "B12"]
[WhiteElo "2109"]
[BlackElo "2495"]
[PlyCount "107"]
[EventDate "2025.04.09"]
[EventType "swiss"]
[EventCountry "ISL"]
[SourceTitle "playchess.com"]
[Source "ChessBase"]
[SourceQuality "1"]
[TimeControl "40/5400+30:1800+30"]

1. e4 c6 2. d4 d5 3. f3 e6 4. Bd3 c5 5. c3 Nc6 6. Ne2 cxd4 7. cxd4 Bb4+ 8. Nbc3 Nge7 9. Be3 e5 10. O-O exd4 11. Nxd4 Bc5 12. Bb5 O-O 13. Kh1 Bb6 14. Bxc6 bxc6 15. Na4 Bc7 16. Rc1 Qd6 17. Bg1 dxe4 18. Nxc6 Nxc6 19. Qxd6 Bxd6 20. Rxc6 Bb4 21. Bc5 Bd7 22. Rc7 Bxa4 23. Bxb4 Rfb8 24. Bc3 e3 25. Re1 Re8 26. Bd4 e2 27. Rxa7 Rxa7 28. Bxa7 Bd1 29. Bd4 f6 30. Kg1 Kf7 31. Kf2 Ke6 32. h4 h5 33. Bc3 Ra8 34. a3 Kd5 35. Rg1 Ra4 36. g3 Rc4 37. Ke3 Rc6 38. Kf2 Rc4 39. Rg2 Ke6 40. g4 hxg4 41. Rxg4 e1=Q+ 42. Kxe1 Rxg4 43. fxg4 Bxg4 44. Kd2 g5 45. Bxf6 gxh4 46. Bxh4 Kd5 47. Kc3 Kc6 48. Kb4 Kb7 49. Kc5 Be2 50. b4 Bd3 51. a4 Bc2 52. a5 Bd3 53. b5 Bxb5 54. Kxb5 1/2-1/2

[Event "Reykjavik Open 2025"]
[Site "Reykjavik"]
[Date "2025.04.12"]
[Round "5.43"]
[White "Kunz, Andre"]
[Black "Gunnarsson, Jon Viktor"]
[Result "1/2-1/2"]
[Annotator "ChessBase"]
[ECO "B06"]
[WhiteElo "2115"]
[BlackElo "2439"]
[PlyCount "46"]
[EventDate "2025.04.09"]
[EventType "swiss"]
[EventCountry "ISL"]
[SourceTitle "playchess.com"]
[Source "ChessBase"]
[SourceQuality "1"]
[TimeControl "40/5400+30:1800+30"]

1. e4 c5 2. c3 d5 3. exd5 Qxd5 4. d4 g6 5. Nf3 Bg7 6. Nbd2 cxd4 7. Bc4 Qc5 8. Qb3 Nh6 9. Ne4 Qb6 10. Nxd4 O-O 11. O-O Nf5 12. Nxf5 Bxf5 13. Ng3 Bd7 14. Re1 Qxb3 15. axb3 Nc6 16. b4 a6 17. Ne4 Ne5 18. Bd5 Nd3 19. Rd1 Nxc1 20. Rdxc1 Rab8 21. Nc5 Bc8 22. Rd1 Be5 23. Bf3 Bd6 1/2-1/2

[Event "Reykjavik Open 2025"]
[Site "Reykjavik"]
[Date "2025.04.12"]
[Round "5.44"]
[White "Weidenhoefer, Max"]
[Black "Licznerski, Lukasz"]
[Result "0-1"]
[Annotator "ChessBase"]
[ECO "C28"]
[WhiteElo "2085"]
[BlackElo "2436"]
[PlyCount "78"]
[EventDate "2025.04.09"]
[EventType "swiss"]
[EventCountry "ISL"]
[SourceTitle "playchess.com"]
[Source "ChessBase"]
[SourceQuality "1"]
[TimeControl "40/5400+30:1800+30"]

1. e4 e5 2. Bc4 Nf6 3. d3 Nc6 4. Nc3 Na5 5. Nge2 Bc5 6. O-O Nxc4 7. dxc4 d6 8. Qd3 Be6 9. b3 O-O 10. Bg5 h6 11. Be3 Bxe3 12. Qxe3 Ng4 13. Qg3 c6 14. h3 Nf6 15. Rad1 Qe7 16. Rd3 Rfd8 17. Rfd1 Rd7 18. f4 exf4 19. Nxf4 Rad8 20. Qf2 a6 21. Re1 Re8 22. Red1 Red8 23. Re1 Re8 24. Red1 Kh8 25. Qf3 Rdd8 26. R1d2 Bc8 27. Rd4 Qe5 28. Qf2 c5 29. R4d3 b5 30. cxb5 axb5 31. Re2 b4 32. Ncd5 Nxe4 33. Qe1 Ba6 34. Kh1 Bb5 35. Nc7 Bxd3 36. cxd3 Qxf4 37. dxe4 Re5 38. Nd5 Qg5 39. Qf2 f5 0-1